 Dungeon Crawl Stone Soup version 0.27-a0-1147-gb3d8e82157 (webtiles) character file.

Game seed: 1951319133844925724

145675 toffzen the Severer (level 17, -3/166 HPs)
             Began as a Tengu Berserker on May 11, 2021.
             Was a High Priest of Trog.
             Succumbed to a redback's poison
             ... on level 4 of the Lair of Beasts.
             The game lasted 01:26:21 (30534 turns).

toffzen the Severer (Tengu Berserker)              Turns: 30534, Time: 01:26:22

Health: -3/166     AC:  0    Str: 23    XL:     17   Next: 13%
Magic:  6/6        EV: 23    Int:  8    God:    Trog [*****.]
Gold:   2328       SH: 14    Dex: 15    Spells: 16/16 levels left

rFire    + + +     SeeInvis +   b - +4 broad axe (antimagic)
rCold    + + .     Faith    .   N - +2 shield of Resistance {rF++ rC++ Will++}
rNeg     . . .     Spirit   .   D - +2 scale mail {rC+}
rPois    +         Reflect  .   (helmet restricted)
rElec    +         Harm     .   W - +0 cloak "Butey" {rF+}
rCorr    .         Rampage  .   R - +0 pair of gloves
Will     +++++                  (boots unavailable)
Stlth    ..........             c - amulet of Ickesebo {rElec rPois rC- Will++ Regen+}
HPRegen  1.37/turn              u - +4 ring of evasion
MPRegen  0.10/turn              P - ring of see invisible

@: berserking (expiring), lethally poisoned (-3 -> -28), corroded, flying
quickly and evasively, very quick
A: beak, talons 3, nimble flight
}: 1/15 runes: decaying
a: Renounce Religion, Berserk, Trog's Hand, Brothers in Arms


You were on level 4 of the Lair of Beasts.
You worshipped Trog.
Trog was extremely pleased with you.
You visited 5 branches of the dungeon, and saw 27 of its levels.
You also visited: Ossuary.

You collected 2568 gold pieces.
You spent 240 gold pieces at shops.

Inventory:

Hand Weapons
 a - a +0 broad axe of flaming
 b - a +4 antimagic broad axe (weapon)
 s - a +0 hand axe
 A - a +0 battleaxe
 C - a +3 vorpal hunting sling
 O - the +9 mace of the Wizarding Gnat {vorpal, Int+4}
   (You found it on level 7 of the Dungeon)

   It inflicts extra damage upon your enemies.
   It affects your intelligence (+4).
 U - the +7 war axe of the Aged Invaders {vorpal, rF+ Dex+3}
   (Trog gifted it to you on level 13 of the Dungeon)

   It inflicts extra damage upon your enemies.
   It affects your dexterity (+3).
   It protects you from fire.
Missiles
 d - 2 atropa-tipped darts
 f - 614 stones
 l - 3 throwing nets
 x - 42 poisoned darts
 y - 7 curare-tipped darts
Armour
 e - +1 storm dragon scales
 D - a +2 scale mail of cold resistance (worn)
 N - the +2 shield of Resistance (worn) {rF++ rC++ Will++}
   (You found it on level 11 of the Dungeon)

   It greatly protects you from fire.
   It greatly protects you from cold.
   It greatly increases your willpower.
 R - a +0 pair of gloves (worn)
 V - a +0 tower shield
 W - the +0 cloak "Butey" (worn) {rF+}
   (You bought it in a shop on level 2 of the Orcish Mines)

   It protects you from fire.
 Y - +0 steam dragon scales
 Z - +0 fire dragon scales
Jewellery
 c - the amulet of Ickesebo (around neck) {rElec rPois rC- Will++ Regen+}
   (You acquired it on level 6 of the Dungeon)

   [amulet of regeneration]

   It makes you vulnerable to cold.
   It insulates you from electricity.
   It protects you from poison.
   It increases your rate of health regeneration.
   It greatly increases your willpower.
 o - a ring of fire
 u - a +4 ring of evasion (left hand)
 P - a ring of see invisible (right hand)
Wands
 j - a wand of iceblast (17)
 r - a wand of acid (7)
 t - a wand of flame (16)
 F - a wand of mindburst (16)
 K - a wand of charming (2)
 Q - a wand of paralysis (15)
 X - a wand of digging (6)
Scrolls
 g - 5 scrolls of enchant armour
 h - 4 scrolls of teleportation
 m - 5 scrolls of identify
 p - a scroll of fear
 w - 7 scrolls of fog
 z - a scroll of silence
 B - a scroll of brand weapon
 E - 2 scrolls of blinking
 I - 3 scrolls of holy word
 M - 3 scrolls of enchant weapon
 S - 4 scrolls of magic mapping
Potions
 i - 9 potions of attraction
 k - 5 potions of haste
 n - 2 potions of mutation
 q - 8 potions of might
 v - 4 potions of heal wounds
 G - a potion of resistance
 H - a potion of cancellation
 J - 7 potions of lignification
 L - 11 potions of curing


   Skills:
 * Level 14.1 Fighting
 - Level 18.0 Axes
 + Level 14.2 Armour
 + Level 14.2 Dodging
 + Level 9.8 Shields


You had 16 spell levels left.
You didn't know any spells.
Your spell library was empty.

Dungeon Overview and Level Annotations

Branches:
Dungeon (15/15)            Temple (0/1) D:5            Lair (5/6) D:11
  Swamp (4/4) Lair:2       Spider (1/4) Lair:4        Slime (0/5) Lair:5
    Orc (2/2) D:11            Elf (0/3) Orc:2        Vaults (0/5) D:14
 Depths (0/5) D:15        Ossuary (visited)

Altars:
Dithmenos
Fedhas
Gozag
Ru
Uskayaw
Vehumet
Wu Jian
Xom
The Shining One
Jiyva

Shops:
D:8 *   D:10 (   Orc:2 ***=

Portals:
Trove: D:10 (give +2 gold dragon scales)

Annotations:
D:2 1 runed translucent door, 1 exclusion, Crazy Yiuf
D:5 exclusion: door
D:6 Prince Ribbit
D:11 1 runed translucent door
D:14 1 runed translucent door, Jyblihe's ghost, journeyman GrFi
D:15 2 transporters, HoaS's ghost, adept GrGl
Lair:3 exclusion: oklob plant
Lair:5 3 runed translucent doors, Meonig's ghost, journeyman HaWr; Retesyof's ghost, journeyman MiFi; Ymidutt's ghost, journeyman GnFi
Swamp:4 Roxanne


Innate Abilities, Weirdness & Mutations

You have a beak for a mouth.
You have claws for feet.
Your magical nature lets you fly swiftly and evasively.


Message History

You miss the redback. The redback bites you!
You are poisoned.
The redback poisons you! The redback misses you. x2
You closely miss the redback. You peck the redback.
The redback is severely wounded.
You hit the redback but do no damage.
You feel extremely sick. The redback bites you! x2
A red film seems to cover your vision as you go berserk!
You feel yourself moving faster!
You feel mighty!
You feel extremely sick. The redback bites you!
* * * LOW HITPOINT WARNING * * *
You are lethally poisoned!
The redback poisons you! The redback bites you.
* * * LOW HITPOINT WARNING * * *
You hit the redback. You claw the redback.
You kill the redback!
Trog accepts your kill.
You hit the redback.
* * * LOW HITPOINT WARNING * * *
You feel extremely sick. The redback misses you.
You slash the redback! Your peck misses the redback.
The redback is severely wounded.
* * * LOW HITPOINT WARNING * * *
You feel extremely sick. The redback barely misses you.
You hit the redback.
You kill the redback!
Trog accepts your kill.
* * * LOW HITPOINT WARNING * * *
You feel extremely sick.
You are too berserk!
* * * LOW HITPOINT WARNING * * *
You feel extremely sick.
You feel a strong urge to attack something.
* * * LOW HITPOINT WARNING * * *
You feel extremely sick.
You die...

##.####..# ##.....#.#
#.#..#.P# ##.#...#.##
##<....####†###.###.#
##..#### #^#.#.#.#.##
#..## ##.###.###.#
###..######### ##.#†##
#.....##PP##.###.###.#
..........###.#...#.##
..#.#####.##†#..@..##
.....###...####...##
.#..###.##...##≈≈≈#
.##.# ###P.#......#
##..# ###.##....#
###.# #####.### ##..##
### ###.P# .....#


There were no monsters in sight!

Vanquished Creatures
  Rupert (D:14)
  Kirke (Swamp:1)
  A fenstrider witch (Swamp:1)
  Azrael (D:14)
  2 bunyips
  A dire elephant (D:14)
  Snorg (D:13)
  An eleionoma (Swamp:2)
  5 fire dragons
  A shambling mangrove (Swamp:3)
  A vault guard (D:14)
  Josephine (D:14)
  2 ice dragons (D:11)
  3 ghost crabs
  3 boulder beetles
  19 hydras
  4 centaur warriors
  2 ogre magi (Orc:2)
  9 two-headed ogres
  A tengu warrior (D:15)
  13 alligators
  Sonja (Lair:3)
  A goliath frog (Swamp:2)
  A fire crab (Swamp:4)
  5 spriggan druids
  6 skeletal warriors
  2 deep trolls (Orc:2)
  A lindwurm (Swamp:3)
  A wizard (D:14)
  3 bog bodies
  A necromancer (D:14)
  5 swamp dragons
  A wolf spider (Spider:1)
  A harpy (shapeshifter) (D:14)
  14 ugly things
  2 orc knights
  An oklob plant (D:11)
  3 manticores
  5 cyclopes
  4 will-o-the-wisps
  6 cane toads
  3 black mambas
  A molten gargoyle (Swamp:4)
  A torpor snail (Lair:2)
  2 gargoyles
  An unseen horror (D:12)
  A kobold demonologist (D:13)
  An efreet (D:14)
  7 komodo dragons
  Psyche (D:11)
  2 tengu conjurers (D:15)
  A freezing wraith (D:15)
  A bloated husk (Swamp:4)
  8 jumping spiders
  A polar bear (Lair:4)
  16 trolls
  3 meliai
  9 hornets
  A queen bee (D:13)
  4 tyrant leeches
  Grinder (D:3)
  13 blink frogs
  A meliai zombie (D:11)
  6 slime creatures
  A shadow (D:13)
  8 redbacks
  2 wyverns (D:7)
  9 spriggans
  5 wraiths (D:14)
  A water elemental (D:14)
  A tarantella (Spider:1)
  22 humans (D:14)
  A fire elemental (D:14)
  4 steam dragons
  4 basilisks
  40 yaks
  9 vampire mosquitoes
  Menkaure (D:6)
  Edmund (D:4)
  6 wargs
  10 swamp worms
  2 acid dragons
  A water moccasin (shapeshifter) (D:8)
  3 hell hounds (D:14)
  19 water moccasins
  9 orc warriors
  6 swamp drakes
  A hornet zombie (D:8)
  A sky beast (D:7)
  27 ogres
  2 necrophages (D:5)
  5 boggarts (D:14)
  9 wolves
  15 centaurs
  2 kobold brigands
  An elf zombie (Ossuary)
  12 bullfrogs
  2 gnoll sergeants
  A scorpion (Lair:4)
  A water moccasin zombie (D:6)
  A hornet simulacrum (D:8)
  14 killer bees
  2 howler monkeys
  4 electric eels (D:14)
  7 wights
  6 centaur zombies
  2 jellies
  A lava snake (Swamp:4)
  2 gnoll shamans (D:4)
  A hound (D:7)
  2 human zombies (Ossuary)
  13 orc priests
  A centaur skeleton (D:7)
  A bullfrog skeleton (D:6)
  2 iguanas
  Jessica (D:2)
  Ijyb (D:4)
  24 orc wizards
  2 mummies (Ossuary)
  3 howler monkey zombies
  Robin (D:4)
  6 adders
  17 gnolls
  3 white imps
  4 ufetubi
  2 adder zombies (Ossuary)
  3 worms
  4 dart slugs
  52 orcs
  5 ball pythons
  5 bats
  6 endoplasms
  2 giant cockroaches
  13 goblins
  13 hobgoblins
  3 jackals (D:1)
  13 kobolds
  A frilled lizard (D:3)
  A goblin zombie (Ossuary)
  7 hobgoblin zombies (Ossuary)
  A jackal zombie (Ossuary)
  10 kobold zombies (Ossuary)
  8 orc zombies (Ossuary)
  4 rats
  4 rat zombies (Ossuary)
744 creatures vanquished.

Vanquished Creatures (collateral kills)
  An eleionoma (Swamp:1)
  2 boulder beetles
  A lindwurm (Swamp:4)
  A swamp dragon (Swamp:4)
  A cane toad (Lair:3)
6 creatures vanquished.

Vanquished Creatures (others)
  An eleionoma (Swamp:4)
  3 bloated husks
  2 steam dragons (Swamp:4)
  2 swamp worms (Swamp:3)
  4 swamp drakes (Swamp:4)
  An orc (D:14)
  12 foxfires
  15 fungi
  11 plants
  8 toadstools (D:5)
59 creatures vanquished.

Grand Total: 809 creatures vanquished

Notes
Turn   | Place    | Note
-------+----------+-------------------------------------------
     0 | D:1      | toffzen the Tengu Berserker began the quest for the Orb.
     0 | D:1      | Reached XP level 1. HP: 14/14 MP: 2/2
   136 | D:1      | Reached XP level 2. HP: 15/19 MP: 3/3
   667 | D:1      | Reached XP level 3. HP: 23/23 MP: 4/4
  1021 | D:2      | Reached skill level 4 in Axes
  1177 | D:2      | Noticed Jessica
  1325 | D:2      | Killed Jessica
  1326 | D:2      | Reached XP level 4. HP: 28/28 MP: 5/5
  1523 | D:2      | Found a faded altar of an unknown god.
  1853 | D:2      | Found a runed translucent door.
  1854 | D:2      | Noticed Crazy Yiuf
  2167 | D:3      | Noticed Grinder
  2400 | D:3      | Reached ** piety under Trog
  2450 | D:3      | Gained mutation: Your magical nature lets you fly swiftly
                  | and evasively. [Tengu growth]
  2450 | D:3      | Reached XP level 5. HP: 32/32 MP: 6/6
  2476 | D:4      | Found an opulent altar of Gozag.
  2704 | D:4      | Found a sand-covered staircase.
  2712 | Ossuary  | Entered an ossuary
  2745 | Ossuary  | Reached skill level 5 in Axes
  2877 | Ossuary  | Reached XP level 6. HP: 35/38 MP: 7/7
  2946 | Ossuary  | Reached *** piety under Trog
  3197 | D:4      | Noticed Edmund
  3214 | D:4      | Killed Edmund
  3215 | D:4      | Reached skill level 6 in Axes
  3215 | D:4      | Reached XP level 7. HP: 44/44 MP: 8/8
  3310 | D:4      | Noticed Ijyb
  3629 | D:4      | Noticed Robin
  3634 | D:4      | Killed Robin
  3862 | D:4      | Killed Ijyb
  4115 | D:3      | Killed Grinder
  4116 | D:3      | Reached XP level 8. HP: 48/48 MP: 9/9
  4398 | D:3      | Reached skill level 7 in Axes
  4531 | D:5      | Entered Level 5 of the Dungeon
  4631 | D:5      | Found a shadowy altar of Dithmenos.
  4773 | D:5      | Reached skill level 5 in Fighting
  4806 | D:5      | Reached skill level 5 in Dodging
  4954 | D:5      | Reached skill level 5 in Armour
  5188 | D:5      | Found a staircase to the Ecumenical Temple.
  5319 | D:5      | Found a glowing golden altar of the Shining One.
  5424 | D:5      | Reached **** piety under Trog
  5482 | D:5      | Noticed a slime creature
  5697 | D:6      | Noticed Prince Ribbit
  5904 | D:6      | Identified a scroll of acquirement
  5904 | D:6      | Acquired the amulet of Ickesebo {rElec rPois rC- Will++
                  | Regen+}
  5933 | D:5      | Reached skill level 8 in Axes
  6000 | D:6      | Noticed Menkaure
  6125 | D:6      | Killed Menkaure
  6192 | D:5      | Reached XP level 9. HP: 55/55 MP: 10/10
  6810 | D:6      | Reached skill level 9 in Axes
  7049 | D:6      | Found an ornate altar of the Wu Jian Council.
  7147 | D:7      | Found a blossoming altar of Fedhas.
  7163 | D:7      | Noticed a hornet
  7213 | D:7      | Killed a hornet
  7853 | D:7      | Reached skill level 10 in Axes
  8043 | D:7      | Identified the +9 mace of the Wizarding Gnat {vorpal,
                  | Int+4}
  8183 | D:7      | Reached XP level 10. HP: 61/61 MP: 11/11
  8572 | D:8      | Found a shimmering altar of Xom.
  8684 | D:8      | Found a radiant altar of Vehumet.
  8757 | D:8      | Reached skill level 1 in Shields
  8802 | D:8      | Noticed a cyclops
  8808 | D:8      | Killed a cyclops
  8856 | D:8      | Noticed a manticore
  8865 | D:8      | Killed a manticore
  8889 | D:8      | Noticed a skeletal warrior
  8983 | D:8      | Killed a skeletal warrior
  8984 | D:8      | Reached skill level 11 in Axes
  9095 | D:8      | Found a sacrificial altar of Ru.
  9104 | D:8      | Reached ***** piety under Trog
  9245 | D:8      | Found Etsor's Elemental Accessories.
 10328 | D:10     | Entered Level 10 of the Dungeon
 10668 | D:10     | Reached XP level 11. HP: 68/68 MP: 12/12
 10678 | D:10     | Received a gift from Trog
 10758 | D:10     | Found Eroar's Weapon Emporium.
 11225 | D:10     | Found a portal to a secret trove of treasure.
 11540 | D:11     | Noticed Psyche
 11541 | D:11     | Noticed a seven-headed hydra
 11641 | D:11     | Found a staircase to the Lair.
 11641 | D:11     | Noticed an oklob plant
 11693 | D:11     | Killed Psyche
 11694 | D:11     | Reached skill level 12 in Axes
 11766 | D:11     | Killed a seven-headed hydra
 11827 | D:11     | Noticed an eight-headed hydra
 11842 | D:11     | Killed an eight-headed hydra
 11993 | D:11     | Found a runed translucent door.
 11993 | D:11     | Noticed an ice dragon
 11993 | D:11     | Noticed a fire dragon
 11994 | D:11     | Found the +2 shield of Resistance {rF++ rC++ Will++}
 11994 | D:11     | Found a runed translucent door.
 11995 | D:11     | Noticed an ice dragon
 11996 | D:11     | Noticed a fire dragon
 12117 | D:11     | Found a staircase to the Orcish Mines.
 12373 | D:11     | Killed an oklob plant
 12411 | Lair:1   | Entered Level 1 of the Lair of Beasts
 12476 | Lair:1   | Reached skill level 5 in Shields
 12522 | Lair:1   | Reached XP level 12. HP: 75/75 MP: 13/13
 12754 | Lair:1   | Reached skill level 13 in Axes
 12875 | Lair:1   | You are sucked into a shaft and drop 1 floor!
 13478 | Lair:2   | Noticed an eight-headed hydra
 13492 | Lair:2   | Killed an eight-headed hydra
 13987 | Lair:2   | Found a staircase to the Swamp.
 14505 | Lair:2   | Received a gift from Trog
 14506 | Lair:2   | Reached skill level 10 in Dodging
 14556 | Lair:3   | Reached skill level 10 in Armour
 15021 | Lair:3   | Noticed a seven-headed hydra
 15024 | Lair:3   | Killed a five-headed hydra
 15025 | Lair:3   | Reached skill level 14 in Axes
 15093 | Lair:3   | Reached XP level 13. HP: 75/81 MP: 14/14
 15162 | Lair:3   | Found an ornate altar of the Wu Jian Council.
 15163 | Lair:3   | Found a hide-covered altar of Uskayaw.
 15302 | Lair:3   | Noticed Sonja
 15313 | Lair:3   | Killed Sonja
 15780 | Lair:4   | Reached skill level 10 in Fighting
 16216 | Lair:4   | Identified the +8 falchion of the Dark Horse {freeze, rN+}
 16469 | Lair:4   | Found a hole to the Spider Nest.
 16780 | Lair:5   | Found a viscous altar of Jiyva.
 16782 | Lair:5   | Found a staircase to the Slime Pits.
 16841 | Lair:5   | Found a runed translucent gate.
 16841 | Lair:5   | Found a runed translucent gate.
 16841 | Lair:5   | Found a runed translucent gate.
 16846 | Lair:5   | Noticed Meonig's ghost (journeyman HaWr)
 16846 | Lair:5   | Noticed Retesyof's ghost (journeyman MiFi)
 16847 | Lair:5   | Noticed Ymidutt's ghost (journeyman GnFi)
 17134 | D:11     | Reached skill level 15 in Axes
 17620 | D:12     | Reached XP level 14. HP: 35/88 MP: 15/15
 17846 | Orc:1    | Entered Level 1 of the Orcish Mines
 18038 | Orc:2    | Entered Level 2 of the Orcish Mines
 18096 | Orc:2    | Found a staircase to the Elven Halls.
 18279 | D:13     | Noticed Snorg
 18292 | D:13     | Killed Snorg
 19278 | D:14     | Noticed Rupert
 19638 | Orc:2    | Reached skill level 16 in Axes
 19962 | Orc:2    | Found Jinlotolla's General Store.
 20036 | Orc:2    | Found Xabluj's Assorted Antiques.
 20037 | Orc:2    | Found Neremy's Assorted Antiques.
 20048 | Orc:2    | Found Uckughug's Jewellery Emporium.
 20113 | Orc:2    | Received a gift from Trog
 20229 | Orc:2    | Paralysed by an ogre mage for 7 turns
 21295 | D:14     | Noticed Azrael
 21315 | D:14     | Killed Azrael
 21543 | D:14     | Reached XP level 15. HP: 95/95 MP: 16/16
 21647 | D:14     | Noticed Josephine
 21656 | D:14     | Killed Josephine
 21917 | D:14     | Found a runed translucent door.
 22146 | D:13     | Identified the +7 war axe of the Aged Invaders {vorpal, rF+
                  | Dex+3} (Trog gifted it to you on level 13 of the Dungeon)
 22146 | D:13     | Received a gift from Trog
 22209 | D:14     | Killed Rupert
 22210 | D:14     | Reached skill level 17 in Axes
 23031 | D:14     | Found a gate to the Vaults.
 23192 | D:14     | Noticed Jyblihe's ghost (journeyman GrFi)
 23218 | D:15     | Entered Level 15 of the Dungeon
 23384 | D:15     | Found a transporter.
 23386 | D:15     | Found a transporter.
 23386 | D:15     | Noticed HoaS's ghost (adept GrGl)
 23598 | D:15     | Found a glowing golden altar of the Shining One.
 24031 | D:15     | Received a gift from Trog
 24251 | D:15     | Found a staircase to the Depths.
 24257 | D:15     | Noticed an emperor scorpion
 24680 | D:15     | Upgraded the game from 0.27-a0-1144-g0b7d3b79db to
                  | 0.27-a0-1147-gb3d8e82157
 24847 | Orc:2    | Bought the +0 cloak "Butey" {rF+} for 240 gold pieces
 24978 | Swamp:1  | Entered Level 1 of the Swamp
 25302 | Swamp:1  | Reached XP level 16. HP: 83/103 MP: 17/17
 25638 | Swamp:1  | Noticed a fenstrider witch
 25638 | Swamp:1  | Paralysed by a fenstrider witch for 4 turns
 25648 | Swamp:1  | Killed a fenstrider witch
 25649 | Swamp:1  | Reached skill level 18 in Axes
 25817 | Swamp:2  | Noticed Kirke
 25830 | Swamp:1  | Killed Kirke
 26955 | Swamp:3  | Reached ****** piety under Trog
 27447 | Swamp:3  | Received a gift from Trog
 27760 | Swamp:4  | Entered Level 4 of the Swamp
 28761 | Swamp:4  | Identified Roxanne's Compendium of Transmutation
 28761 | Swamp:4  | Noticed Roxanne
 29205 | Swamp:3  | Reached XP level 17. HP: 85/110 MP: 5/18
 29454 | Swamp:4  | Got a decaying rune of Zot
 29691 | Spider:1 | Entered Level 1 of the Spider Nest
 30533 | Lair:4   | HP: 2/166 [poisoned by a redback]
 30534 | Lair:4   | Succumbed to a redback's poison

Illustrated notes

Levels and vault maps discovered:
D:1:      minmay_arrival_jagged, layout_loops_ring
D:2:      layout_loops_ring, hellmonk_ecumenical_altar_pennies_from_heaven,
          kennysheep_generic_room_15, uniq_crazy_yiuf_cottage, uniq_jessica
D:3:      layout_basic, uniq_grinder
D:4:      layout_gridville, grunt_gozag_statues, nicolae_ossuary_entry_ruins,
          uniq_ijyb, uniq_robin, uniq_edmund
D:5:      cheibrodos_fertilizer, layout_basic, grunt_dithmenos_smoke,
          lemuel_crystal_altar, minmay_temple_entry_poolview
D:6:      layout_gridville, nzn_wu_jian_council_hall, roderic_roman_lattice,
          uniq_prince_ribbit1, uniq_menkaure
D:7:      layout_gridville, lemuel_round_altar, minmay_bent
D:8:      layout_rooms, old_standard_altar, old_standard_altar, xom_butterflies,
          nicolae_elemental_shop, corexii_checkpoint_b, minivault_26,
          minmay_evil_grid
D:9:      layout_irregular_city, roderic_serpentine_path
D:10:     layout_basic, serial_shops, nicolae_shop_crystal,
          nicolae_trove_entry_columns
D:11:     layout_rooms, dpeg_oklobed_lair, minmay_orc_entry_guard_dogs,
          minmay_guarded_unrand_resistance, uniq_psyche
D:12:     layout_cross
D:13:     layout_loops_ring, uniq_snorg
D:14:     layout_layer_cave, grunt_vaults_entry_tiered, kennysheep_boxes,
          ebering_ghost_reflecting_pool, minivault_7, uniq_rupert, uniq_azrael,
          uniq_josephine
D:15:     hangedman_depths_entry_try_elsewhere_first, layout_basic,
          tso_metal_star, gammafunk_ghost_hive, minivault_19
Lair:1:   layout_small_grid
Lair:2:   layout_hall_layers, minmay_swamp_entry_reptiles, minmay_holes,
          grunt_megastairs_1
Lair:3:   layout_gridlike, chequers_serial_rivers_marsh, st_stairs_10,
          nzn_masters_of_martial_movement, uniq_sonja
Lair:4:   layout_loops_ring, nicolae_spider_entry_tight_spaces
Lair:5:   layout_regular_city, slime_altar_1, gammafunk_ghost_cemetery,
          lemuel_fruit_fields
Swamp:1:  layout_basic_swamp, evilmike_swamp_ruin_house_5,
          cheibrodos_swamp_witchery
Swamp:2:  layout_basic_swamp, nicolae_swamp_dense_foliage,
          nicolae_swamp_spriggan_camp, uniq_kirke
Swamp:3:  layout_falls_marsh, nicolae_swamp_tree_isthmus
Swamp:4:  swamp_fiery, layout_basic_swamp, infiniplex_staircase_pool,
          uniq_roxanne
Spider:1: layout_spider_delve, nicolae_spider_twisty_arc_passages
Orc:1:    layout_caves
Orc:2:    st_orc_open, layout_caves

Skill      XL: |  1  2  3  4  5  6  7  8  9 10 11 12 13 14 15 16 17 |
---------------+----------------------------------------------------+-----
Axes           | 4 5 6 8 10 11 12 14 15 16 17 18 | 18.0
Dodging        | 3 4 5 7 8 9 10 11 12 13 14 | 14.2
Armour         | 3 4 5 7 8 9 10 11 12 13 14 | 14.2
Fighting       | 4 5 6 7 8 9 10 11 12 13 14 | 14.1
Shields        | 3 5 6 7 8 9 |  9.8

Action                   |  1- 3 |  4- 6 |  7- 9 | 10-12 | 13-15 | 16-18 || total
-------------------------+-------+-------+-------+-------+-------+-------++-------
Melee: Hand axe          |    53 |   190 |   339 |       |       |       ||   582
       Kick              |    12 |    38 |   100 |   158 |   429 |   221 ||   958
       Peck              |     6 |    41 |    57 |    92 |   289 |   142 ||   627
       Mace              |       |       |     5 |   431 |       |       ||   436
       Broad axe         |       |       |       |    42 |  1141 |   522 ||  1705
 Fire: Hunting sling     |       |       |       |    25 |       |       ||    25
Throw: Dart              |       |       |     2 |       |       |       ||     2
Invok: Berserk           |     4 |     3 |    13 |    19 |    27 |    15 ||    81
       Trog's Hand       |       |     1 |     3 |     3 |    12 |     1 ||    20
       Brothers in Arms  |       |       |       |       |     2 |     1 ||     3
Evoke: Wand              |       |       |     3 |     3 |     4 |     1 ||    11
  Use: Scroll            |       |     4 |    12 |    12 |     5 |     3 ||    36
 Stab: Sleeping          |     2 |       |       |       |       |       ||     2
Armor: Animal skin       |     6 |       |       |       |       |       ||     6
       Storm dragon scal |    20 |    88 |   106 |    22 |       |       ||   236
       Scale mail        |       |       |       |    77 |   185 |   148 ||   410
Dodge: Dodged            |    21 |    69 |   214 |   369 |   816 |   365 ||  1854
Block: Buckler           |       |       |       |    97 |   237 |       ||   334
       Tower shield      |       |       |       |       |   162 |   494 ||   656
       Kite shield       |       |       |       |       |       |    20 ||    20

Table legend: (Time is in decaauts)
 A = Elapsed time spent in this place.
 B = Non-inter-level travel time spent in this place.
 C = Inter-level travel time spent in this place.
 D = Time resting spent in this place.
 E = Time spent auto-exploring this place.
 F = Levels seen in this place.
 G = Mean time per level.
                   A        B        C        D        E       F      G
               +--------+--------+--------+--------+--------+-----+--------+
         Total |  29436 |  27622 |   1814 |   7195 |   9497 |  28 | 1051.3 |
       Dungeon |  17953 |  16912 |   1041 |   4559 |   6314 |  15 | 1196.9 |
          Lair |   4517 |   4115 |    402 |    673 |   1895 |   5 |  903.4 |
         Swamp |   4557 |   4352 |    205 |   1655 |    934 |   4 | 1139.2 |
   Spider Nest |     86 |     84 |      2 |     14 |      0 |   1 |   86.0 |
  Orcish Mines |   1944 |   1782 |    162 |    258 |    352 |   2 |  972.0 |
       Ossuary |    377 |    377 |      0 |     34 |      0 |   1 |  377.0 |
               +--------+--------+--------+--------+--------+-----+--------+

Top non-repeatable levels by time:
    D:14: 2034 daAuts
 Swamp:3: 1660 daAuts
     D:5: 1656 daAuts
     D:7: 1469 daAuts
    D:11: 1363 daAuts
    D:13: 1331 daAuts
   Orc:2: 1322 daAuts
    D:10: 1312 daAuts
  Lair:2: 1278 daAuts
     D:4: 1218 daAuts
    D:12: 1172 daAuts
  Lair:3: 1090 daAuts
     D:1: 1082 daAuts
 Swamp:4: 1068 daAuts
    D:15: 1053 daAuts
